 Dungeon Crawl Stone Soup version 0.26-a0-652-gafc20e3620 (webtiles) character file.

Game seed: 12615610332340708491

54 Descartes the Digger (level 3, -1/19 HPs)
             Began as a Gargoyle Earth Elementalist on Oct 2, 2020.
             Slain by Sigmund
             ... wielding a +0 scythe
              (8 damage)
             ... on level 2 of the Dungeon.
             The game lasted 00:03:33 (2799 turns).

Descartes the Digger (Gargoyle Earth Elementalist)  Turns: 2799, Time: 00:03:33

Health: -1/19      AC:  8    Str: 12    XL:     3   Next: 91%
Magic:  1/6        EV: 10    Int: 15    God:
Gold:   64         SH:  0    Dex: 10    Spells: 6/7 levels left

rFire    . . .     SeeInvis .   a - +0 dagger
rCold    . . .     Faith    .   (no shield)
rNeg     + . .     Spirit   .   k - +0 ring mail
rPois    ∞         Reflect  .   (no helmet)
rElec    +         Harm     .   (no cloak)
rCorr    .         Rampage  .   (no gloves)
MR       .....                  (no boots)
Stlth    +.........             (no amulet)
HPRegen  0.06/turn              (no ring)
MPRegen  0.10/turn              (no ring)

@: very slightly contaminated
A: negative energy resistance 1, electricity resistance, unbreathing,
petrification resistance, rot immunity, AC +3
a: no special abilities


You were on level 2 of the Dungeon.
You visited 1 branch of the dungeon, and saw 2 of its levels.

You collected 64 gold pieces.

Inventory:

Hand Weapons
 a - a +0 dagger (weapon)
Missiles
 b - 62 stones (quivered)
 m - 15 poisoned darts
Armour
 c - a +0 robe
 k - a +0 ring mail (worn)
 l - a +0 chain mail
Scrolls
 h - a scroll of remove curse {unknown}
 i - a scroll of identify {unknown}
 j - a scroll of immolation {unknown}
 n - a scroll of teleportation {unknown}
 o - a scroll of amnesia {unknown}
Potions
 d - a potion of ambrosia {unknown}
 e - a potion of curing {unknown}
 f - 2 potions of mutation {unknown}
 g - a potion of degeneration {unknown}


   Skills:
 + Level 1.5 Armour
 - Level 1.5 Dodging
 + Level 3.1 Stealth
 + Level 2.5 Spellcasting
   Level 0.7 Transmutations
 + Level 4.2 Earth Magic


You had 6 spell levels left.
You knew the following spells:

 Your Spells              Type           Power        Failure   Level
a - Sandblast             Erth           ##....       9%          1

Your spell library contained the following spells:

 Spells                   Type           Power        Failure   Level
 Passwall                 Tmut/Erth      #.......     26%         2
 Stone Arrow              Conj/Erth      #.....       50%         3
 Petrify                  Tmut/Erth      #.......     86%         4
 Lee's Rapid Deconstruct  Erth           ##........   92%         5


Dungeon Overview and Level Annotations

Branches:
Dungeon (2/15)

Altars:

Annotations:
D:2 Sigmund


Innate Abilities, Weirdness & Mutations

You are resistant to torment.
Your stone body is resilient. (AC +3)
You are immune to poison.
You resist negative energy. (rN+)
You are resistant to electric shocks. (rElec)
You can survive without breathing.
You are immune to petrification.
You are immune to rotting.


Message History

Sigmund hits you but does no damage.
Casting: Sandblast (safe; 3% risk of failure)
Confirm with . or Enter, or press ? or * to list all spells.
You don't have enough magic to cast that spell.
Sigmund hits you but does no damage. Sigmund casts a spell at you.
You are confused.
You're too confused to cast spells.
Unknown command.
Sigmund casts a spell at you. The magic dart hits you.
Sigmund casts a spell at you. You resist with significant effort.
Sigmund hits you from afar with a +0 scythe.
You feel less wooden.
Your +0 ring mail unmelds from your body.
Sigmund hits you from afar with a +0 scythe!
You feel less confused.
Sigmund hits you from afar with a +0 scythe!
You die...

...#..####<#...######.#.#.#
...##.# #............#.#.#
...##.# ###...########.#.#
...##.. #...#...<..#.#.#
....##.#####...#....#.#.#.#
.... .##......######)#.#.#
.... .##.#.#..@......#.#.#
#.#.............#.#
........@.........#
..#..#.############# #
#..#. #..#. .. #.


You could see Sigmund.

Vanquished Creatures
  An ooze (D:1)
  3 leopard geckos
  A ball python (D:1)
  6 bats
  2 giant cockroaches (D:1)
  3 goblins (D:1)
  4 hobgoblins
  6 jackals (D:1)
  3 frilled lizards
  4 kobolds (D:1)
  10 rats
43 creatures vanquished.

Notes
Turn   | Place    | Note
-------+----------+-------------------------------------------
     0 | D:1      | Descartes the Gargoyle Earth Elementalist began the quest
                  | for the Orb.
     0 | D:1      | Reached XP level 1. HP: 10/10 MP: 3/3
   130 | D:1      | Reached XP level 2. HP: 11/15 MP: 1/5
   422 | D:1      | Reached skill level 1 in Armour
   711 | D:1      | Reached skill level 4 in Earth Magic
   812 | D:1      | Reached XP level 3. HP: 13/19 MP: 6/6
  2607 | D:2      | Noticed Sigmund
  2799 | D:2      | Slain by Sigmund

Illustrated notes

Levels and vault maps discovered:
D:1:      dpeg_arrival_ratfight, layout_loops_corners
D:2:      layout_basic, chequers_serial_rivers_room_a, uniq_sigmund

Skill      XL: |  1  2  3 |
---------------+----------+-----
Armour         | 1 |  1.5
Earth Magic    | 4 |  4.2
Stealth        | 3 |  3.1
Dodging        | |  1.5
Spellcasting   | |  2.5
Transmutations | |  0.7

Action                   || total
-------------------------++-------
Melee: Dagger            ||   234
       Unarmed           ||     6
 Cast: Sandblast         ||     9
 Stab: Sleeping          ||     4
Armor: Robe              ||    48
       Ring mail         ||    77
       Skin              ||     7
Dodge: Dodged            ||   180

Table legend: (Time is in decaauts)
 A = Elapsed time spent in this place.
 B = Non-inter-level travel time spent in this place.
 C = Inter-level travel time spent in this place.
 D = Time resting spent in this place.
 E = Time spent auto-exploring this place.
 F = Levels seen in this place.
 G = Mean time per level.
                   A        B        C        D        E       F      G
               +--------+--------+--------+--------+--------+-----+--------+
         Total |   2798 |   2588 |    210 |      0 |   2131 |   2 | 1399.0 |
       Dungeon |   2798 |   2588 |    210 |      0 |   2131 |   2 | 1399.0 |
               +--------+--------+--------+--------+--------+-----+--------+

Top non-repeatable levels by time:
     D:1: 2320 daAuts
     D:2: 478 daAuts
